 Dungeon Crawl Stone Soup version 0.22.1-1-ga44c0e5 (webtiles) character file.

539 Ekaitz the Ogre Mage (level 7, -1/66 HPs)
             Began as an Ogre Wizard on Sept 29, 2018.
             Slain by an orc wizard
             ... wielding a +0 dagger
              (5 damage)
             ... on level 5 of the Dungeon on Sept 30, 2018.
             The game lasted 00:14:14 (2766 turns).

Ekaitz the Ogre Mage (Ogre Wizard)                  Turns: 2766, Time: 00:14:14

Health: -1/66      AC:  5    Str: 12    XL:     7   Next: 26%
Magic:  3/14       EV: 10    Int: 20    God:
Gold:   309        SH:  0    Dex:  8    Spells: 4/15 levels left

rFire    . . .     SeeInvis .   e - +2 mace (drain)
rCold    . . .     Gourm    .   (no shield)
rNeg     . . .     Faith    .   a - +0 robe
rPois    .         Spirit   .   b - +0 hat
rElec    .         Reflect  .   l - +1 cloak
rCorr    .         Harm     .   (gloves unavailable)
MR       +....                  (boots unavailable)
Stlth    ++........             y - amulet of rage
HPRegen  0.21/turn              E - ring of protection from magic
MPRegen  0.14/turn              (no ring)

@: very slightly contaminated
A: large, unfitting armour, tough skin 1
a: Evoke Berserk Rage


You were on level 5 of the Dungeon.
You were not hungry.

You visited 2 branches of the dungeon, and saw 6 of its levels.

You collected 309 gold pieces.

Inventory:

Hand Weapons
 e - a +2 mace of draining (weapon)
 n - a +0 long sword
Missiles
 r - 14 poisoned needles
Armour
 a - a +0 robe (worn)
 b - a +0 hat (worn)
 f - +0 pearl dragon scales
 l - a +1 cloak (worn)
Jewellery
 w - an uncursed ring of ice
 y - an amulet of rage (around neck)
 E - a ring of protection from magic (left hand)
Wands
 D - a wand of polymorph (11)
Scrolls
 c - 2 scrolls of remove curse
 g - 2 scrolls of immolation {unknown}
 i - 4 scrolls of identify
 j - a scroll of fear {unknown}
 k - a scroll of fog {unknown}
 o - 2 scrolls of teleportation {unknown}
 s - 2 scrolls of noise {unknown}
 B - a scroll of vulnerability {unknown}
Potions
 h - 5 potions of curing {unknown}
 m - 2 potions of invisibility {unknown}
 p - a potion of cancellation
 q - a potion of agility
 t - 2 potions of mutation {unknown}
 u - a potion of degeneration {unknown}
 v - a potion of haste {unknown}
 x - 2 potions of heal wounds {unknown}
 z - a potion of magic {unknown}
 A - a potion of might {unknown}
 G - a potion of berserk rage {unknown}
Comestibles
 d - 9 rations
 C - a chunk of flesh


   Skills:
 + Level 2.6 Fighting
 + Level 2.4 Maces & Flails
 * Level 1.0 Armour
 * Level 2.6 Dodging
 + Level 2.0 Stealth
 + Level 4.9 Spellcasting
 + Level 2.0 Conjurations
 + Level 1.9 Summonings
 + Level 0.8 Translocations
 * Level 1.7 Fire Magic
 * Level 1.0 Air Magic
 * Level 1.2 Poison Magic


You had 4 spell levels left.
You knew the following spells:

 Your Spells              Type           Power        Failure   Level  Hunger
a - Magic Dart            Conj           ##..         4%          1    None
b - Call Imp              Summ           ##......     8%          2    #......
c - Blink                 Tloc           N/A          12%         2    #......
d - Conjure Flame         Conj/Fire      ##......     16%         3    ##.....
e - Mephitic Cloud        Conj/Pois/Air  ##......     19%         3    ##.....

Your spell library contained the following spells:

 Spells                   Type           Power        Failure   Level  Hunger
 Slow                     Hex            #.......     19%         2    #......


Dungeon Overview and Level Annotations

Branches:
Dungeon (5/15)             Temple (1/1) D:4

Altars:
Dithmenos
Elyvilon
Fedhas
Makhleb
Nemelex Xobeh
Okawaru
Ru
Trog
Uskayaw
Vehumet
Wu Jian
Xom
Zin
The Shining One


Innate Abilities, Weirdness & Mutations

You are too large for most types of armour.
You have tough skin. (AC +1)


Message History

Your crimson imp closely misses the orc wizard.
Unknown command.
You hit the orc wizard.
The orc wizard is almost dead.
The orc wizard points at you and mumbles some strange words.
The magic dart hits you!
* * * LOW HITPOINT WARNING * * *
The orc wizard casts a cantrip, but nothing happens.
Your crimson imp hits the orc wizard but does no damage.
You hit the orc wizard.
You kill the orc wizard!
Something hits you but does no damage.
Your crimson imp blinks!
Unknown command.
You hear some strange, mumbled words.
A puff of flame appears from out of thin air!
The puff of flame misses you. Something hits you.
* * * LOW HITPOINT WARNING * * *
Something hits you.
You die...

#.......o........
#................
###'#'#######.... #######.
.. #.# ...
......########.#### #
............5....#
#.....####.s..##.## #
#.....# #.###....# #.
#.....# #@###....#
#.##.....####........# .
#...........#........#
.##.................##..#
.# ....................#
#.##.# #...........=.....#
..#.# #............######
#.#.#
#............#########...#
###
#..............[.........#
#..


You could see a scorpion and a friendly crimson imp.

Vanquished Creatures
  2 scorpions (D:5)
  An orc priest (D:4)
  A jelly (D:5)
  A worker ant (D:4)
  2 orc wizards (D:5)
  A hound zombie (D:5)
  4 adders
  2 worms
  4 leopard geckos
  7 orcs
  4 bats
  4 giant cockroaches
  12 goblins
  8 hobgoblins
  3 jackals (D:3)
  3 quokkas
  A ball python (D:2)
  A frilled lizard (D:5)
  3 kobolds
  4 rats
68 creatures vanquished.

Vanquished Creatures (collateral kills)
  Grinder (D:5)
  A crimson imp (D:5)
  A bullfrog skeleton (D:5)
  An orc wizard (D:5)
  A worm (D:3)
  5 orcs
  2 bats
  A goblin (D:1)
  A hobgoblin (D:3)
  4 jackals
  3 quokkas
  A frilled lizard (D:3)
  A kobold (D:2)
  A rat (D:3)
24 creatures vanquished.

Grand Total: 92 creatures vanquished

Notes
Turn   | Place    | Note
-------+----------+-------------------------------------------
     0 | D:1      | Ekaitz the Ogre Wizard began the quest for the Orb.
     0 | D:1      | Reached XP level 1. HP: 16/16 MP: 5/5
   102 | D:1      | Reached skill level 1 in Conjurations
   129 | D:1      | Reached XP level 2. HP: 26/26 MP: 2/6
   133 | D:1      | Learned a level 2 spell: Call Imp
   136 | D:1      | Learned a level 2 spell: Blink
   218 | D:1      | Reached skill level 4 in Spellcasting
   332 | D:1      | Reached skill level 1 in Fighting
   472 | D:2      | Reached XP level 3. HP: 31/33 MP: 6/8
   481 | D:2      | Learned a level 3 spell: Conjure Flame
   490 | D:2      | Reached skill level 1 in Summonings
   900 | D:3      | Reached XP level 4. HP: 38/41 MP: 2/10
  1081 | D:3      | Found a white marble altar of Elyvilon.
  1268 | D:3      | Reached skill level 1 in Maces & Flails
  1372 | D:4      | Reached XP level 5. HP: 48/49 MP: 11/11
  1713 | D:4      | Found a burning altar of Makhleb.
  1831 | D:4      | Found an ornate altar of the Wu Jian Council.
  1839 | D:4      | Found a hide-covered altar of Uskayaw.
  1840 | D:4      | Noticed a hand axe
  1840 | D:4      | Noticed a dagger
  1855 | D:4      | Learned a level 3 spell: Mephitic Cloud
  1910 | D:4      | Found a staircase to the Ecumenical Temple.
  1922 | Temple   | Entered the Ecumenical Temple
  2357 | D:5      | Entered Level 5 of the Dungeon
  2397 | D:5      | Found a radiant altar of Vehumet.
  2419 | D:5      | Reached XP level 6. HP: 54/59 MP: 8/12
  2544 | D:5      | Noticed Grinder
  2585 | D:5      | Reached skill level 1 in Fire Magic
  2586 | D:5      | Paralysed by Grinder for 7 turns
  2633 | D:5      | Paralysed by Grinder for 5 turns
  2642 | D:5      | Paralysed by Grinder for 2 turns
  2648 | D:5      | Paralysed by Grinder for 7 turns
  2659 | D:5      | Killed Grinder
  2659 | D:5      | Reached skill level 1 in Armour
  2659 | D:5      | Reached skill level 1 in Air Magic
  2659 | D:5      | Reached skill level 1 in Poison Magic
  2659 | D:5      | Reached XP level 7. HP: 32/66 MP: 5/14
  2766 | D:5      | Slain by an orc wizard

Skill      XL: |  1  2  3  4  5  6 |
---------------+-------------------+-----
Conjurations   | 1 2 |  2.0
Spellcasting   | 4 |  4.9
Fighting       | 1 2 |  2.6
Summonings     | 1 |  1.9
Dodging        | 2 |  2.6
Maces & Flails | 1 2 |  2.4
Stealth        | 2 |  2.0
Fire Magic     | 1 |  1.7
Armour         | 1 |  1.0
Air Magic      | 1 |  1.0
Poison Magic   | 1 |  1.2
Translocations | |  0.8

Action                   |  1- 3 |  4- 6 |  7- 9 || total
-------------------------+-------+-------+-------++-------
Melee: Unarmed           |    12 |     9 |       ||    21
       Mace              |    38 |   119 |     6 ||   163
 Cast: Magic Dart        |    24 |     5 |     5 ||    34
       Call Imp          |     7 |    17 |     3 ||    27
       Conjure Flame     |       |     2 |     1 ||     3
       Mephitic Cloud    |       |     2 |       ||     2
 Abil: Evoke Berserk Rag |       |     1 |       ||     1
  Use: Scroll            |       |       |     2 ||     2
 Stab: Sleeping          |       |     3 |       ||     3
       Distracted        |       |     1 |       ||     1
  Eat: Chunk             |       |     3 |     1 ||     4
       Ration            |       |     1 |       ||     1
Armor: Robe              |    20 |    43 |     1 ||    64
Dodge: Dodged            |    43 |    73 |     3 ||   119
